 Dungeon Crawl Stone Soup version 0.32-a0-42-ga30500b4d3 (webtiles) character file.

Game seed: 2638827932786977384

2774 Atlas the Thaumaturge (level 9, 0/59 HPs)
             Began as a Demonspawn Earth Elementalist on Jan 31, 2024.
             Was a Follower of Vehumet.
             Slain by a steam dragon (2 damage)
             ... on level 7 of the Dungeon.
             The game lasted 00:08:23 (7255 turns).

Atlas the Thaumaturge (DsEE)                        Turns: 7255, Time: 00:08:24

Health: 0/59       AC:  7    Str: 10    XL:     9   Next: 42%
Magic:  12/21      EV: 12    Int: 19    God:    Vehumet [*.....]
Gold:   448        SH:  0    Dex: 13    Spells: 17/24 levels left

rFire   . . .        i - +0 trident (venom)
rCold   . . .        (no shield)
rNeg    . . .        a - +0 robe
rPois   +            (helmet restricted)
rElec   .            B - +0 cloak
rCorr   .            t - +1 pair of gloves
SInv    .            r - +0 pair of boots
Will    +....        F - amulet of magic regeneration
Stlth   ++           e - ring of poison resistance
HPRegen 0.29/turn    (no ring)
MPRegen 0.57/turn

%: no passive effects
@: no status effects
A: rugged brown scales 1, ignite blood 2, powered by pain 2, demonic touch 1,
antennae 1, fangs 1, strong-willed 1
a: Renounce Religion


You were on level 7 of the Dungeon.
You worshipped Vehumet.
Vehumet was aware of your devotion.
You visited 2 branches of the dungeon, and saw 8 of its levels.

You collected 448 gold pieces.

Inventory:

Hand Weapons
 i - a +0 trident of venom (weapon)
Armour
 a - a +0 robe (worn)
 r - a +0 pair of boots (worn)
 t - a +1 pair of gloves (worn)
 B - a +0 cloak (worn)
Jewellery
 e - a ring of poison resistance (left hand)
 F - an amulet of magic regeneration (around neck)
Wands
 m - a wand of polymorph (18)
 y - a wand of mindburst (39)
 E - a wand of flame (18)
Scrolls
 d - 2 scrolls of immolation {unknown}
 g - 2 scrolls of noise {unknown}
 h - 2 scrolls of poison {unknown}
 j - a scroll of enchant armour {unknown}
 k - 6 scrolls of identify {unknown}
 l - 3 scrolls of teleportation {unknown}
 n - 5 scrolls of blinking {unknown}
 o - a scroll of fog {unknown}
 q - a scroll of brand weapon {unknown}
 x - a scroll of vulnerability {unknown}
 D - a scroll of acquirement {unknown}
 G - a scroll of amnesia {unknown}
Potions
 b - a potion of magic
 c - 2 potions of haste
 f - 2 potions of attraction
 p - a potion of resistance
 s - 2 potions of invisibility {unknown}
 u - 2 potions of berserk rage {unknown}
 v - 2 potions of degeneration {unknown}
 z - a potion of lignification {unknown}
 C - a potion of might {unknown}


   Skills:
 + Level 0.6 Fighting
 + Level 2.8 Dodging
 + Level 3.3 Stealth
 + Level 8.3 Spellcasting
 + Level 2.1 Conjurations
 + Level 8.2 Earth Magic


You had 17 spell levels left.
You knew the following spells:

 Your Spells              Type           Power      Damage    Failure   Level
a - Stone Arrow           Conj/Erth      54%        3d10      3%          3
b - Passwall              Erth           39%        N/A       1%          3
c - Sandblast             Erth           78%        2d17      1%          1

Your spell library contained the following spells:

 Spells                   Type           Power      Damage    Failure   Level
 Sting                    Conj/Alch      48%        1d6       5%          1
 Apportation              Tloc           14%        N/A       9%          1
 Brom's Barrelling Bould  Conj/Erth      27%        2d5       11%         4
 Jinxbite                 Hex            14%        N/A       13%         2
 Petrify                  Alch/Erth      23%        N/A       16%         4
 Inner Flame              Hex/Fire       7%         N/A       26%         3
 Tukima's Dance           Hex            7%         N/A       26%         3
 Iskenderun's Mystic Bla  Conj/Tloc      12%        2d5       50%         4
 Dimensional Bullseye     Hex/Tloc       3%         N/A       65%         4
 Irradiate                Conj/Alch      6%         3d13      83%         5
 Alistair's Intoxication  Alch           4%         N/A       94%         5
 Ignition                 Fire           3%         3d4       100%        8


Dungeon Overview and Level Annotations

Branches:
Dungeon (7/15)             Temple (1/1) D:6

Altars:
Ashenzari
Cheibriados
Dithmenos
Fedhas
Gozag
Hepliaklqana
Kikubaaqudgha
Makhleb
Nemelex Xobeh
Okawaru
Qazlal
Ru
Sif Muna
Trog
Uskayaw
Vehumet
Wu Jian
Yredelemnul


Innate Abilities, Weirdness & Mutations

You are partially covered in rugged brown scales. (AC +1, +3% HP)
Your demonic aura often causes spilled blood to erupt in flames.
You sometimes gain power by taking damage.
Your touch may inflict minor irresistible damage on your foes.
You have a pair of small antennae on your head.
You have very sharp teeth.
You are strong-willed. (Will+)


Message History

You are too injured to fight recklessly!
Unknown command.
Casting: Sandblast (safe; 1% risk of failure)
Confirm with . or Enter, or press ? or * to list all spells.
Aiming: Stone Arrow (dangerous; 3% risk of failure)
Press: ? - help, Shift-Dir - straight line, f - steam dragon
Aim: a steam dragon (71% to hit)
The stone arrow hits the steam dragon!!
The steam dragon is severely wounded.
You are engulfed in a cloud of scalding steam.
The steam dragon is engulfed in blazing flames.
You kill the steam dragon!
Vehumet accepts your kill.
Casting: Stone Arrow (dangerous; 3% risk of failure)
Confirm with . or Enter, or press ? or * to list all spells.
Aiming: Stone Arrow (dangerous; 3% risk of failure)
Press: ? - help, Shift-Dir - straight line, f - steam dragon
Aim: a steam dragon (flame, 71% to hit)
The stone arrow hits the steam dragon.
The steam dragon is lightly wounded.
You are engulfed in a cloud of scalding steam.
The steam dragon is engulfed in blazing flames.
The steam dragon bites you.
* * * LOW HITPOINT WARNING * * *
The steam dragon claws you but does no damage.
Unknown command.
Casting: Stone Arrow (dangerous; 3% risk of failure)
Confirm with . or Enter, or press ? or * to list all spells.
Aiming: Stone Arrow (dangerous; 3% risk of failure)
Press: ? - help, Shift-Dir - straight line, f/p - steam dragon
Aim: a steam dragon (flame, heavily wounded, 71% to hit)
The stone arrow hits the steam dragon but does no damage.
The steam dragon is heavily wounded.
You are engulfed in a cloud of scalding steam.
* * * LOW HITPOINT WARNING * * *
The steam dragon is engulfed in blazing flames.
The steam dragon bites you.
* * * LOW HITPOINT WARNING * * *
The steam dragon claws you.
You die...

....###########..#
#.##............
#.##.##.#####.##
#)##.#.#.## #.##
#.....###.###.## .
#......#........ ...
#.##.#...#......
#..!.####§##.##.########
.....hD@§§##.###########
..#..#######............
... ############# .


You could see a steam dragon and a howler monkey (catching breath).

Vanquished Creatures
  A hornet (D:7)
  A steam dragon (D:7)
  A water moccasin (D:6)
  3 sky beasts
  2 ice beasts
  4 centaurs
  3 ogres
  A kobold brigand (D:6)
  Blork the orc (D:4)
  2 bullfrogs
  A gnoll sergeant (D:6)
  3 scorpions
  A howler monkey (D:7)
  2 bombardier beetles
  2 jellies (D:5)
  4 orc priests
  2 hounds
  Crazy Yiuf (D:5)
  2 iguanas
  3 orc wizards
  7 gnolls
  10 adders
  2 shadow imps (D:7)
  A white imp (D:6)
  A ribbon worm (D:3)
  5 dart slugs
  27 orcs
  6 ball pythons
  10 endoplasms
  6 giant cockroaches
  7 goblins
  7 hobgoblins
  18 kobolds
  2 quokkas
  4 bats
  6 frilled lizards
  6 rats
165 creatures vanquished.

Notes
Turn   | Place    | Note
-------+----------+-------------------------------------------
     0 | D:1      | Atlas the Demonspawn Earth Elementalist began the quest for
                  | the Orb.
     0 | D:1      | Reached XP level 1. HP: 13/13 MP: 3/3
   259 | D:1      | Gained mutation: You are partially covered in rugged brown
                  | scales. (AC +1, +3% HP) [demonic ancestry]
   259 | D:1      | Reached XP level 2. HP: 13/19 MP: 0/5
   385 | D:1      | Found a faded altar of an unknown god.
  1120 | D:2      | Gained mutation: You sometimes gain a little power by
                  | taking damage. [demonic ancestry]
  1120 | D:2      | Reached XP level 3. HP: 23/24 MP: 1/6
  1124 | D:2      | Learned a level 3 spell: Passwall
  1568 | D:2      | Learned a level 3 spell: Stone Arrow
  1876 | D:3      | Reached XP level 4. HP: 30/30 MP: 5/7
  1999 | D:3      | Found a hide-covered altar of Uskayaw.
  3042 | D:4      | Noticed a sky beast
  3052 | D:3      | Killed a sky beast
  3053 | D:3      | Gained mutation: Your demonic aura sometimes causes spilled
                  | blood to erupt in flames. [demonic ancestry]
  3053 | D:3      | Reached XP level 5. HP: 20/36 MP: 1/10
  3170 | D:3      | Gained mutation: Your touch may inflict minor irresistible
                  | damage on your foes. [demonic ancestry]
  3170 | D:3      | Reached XP level 6. HP: 29/42 MP: 1/11
  3833 | D:4      | Noticed Blork the orc
  3837 | D:4      | Killed Blork the orc
  4279 | D:4      | Reached skill level 5 in Earth Magic
  4363 | D:5      | Entered Level 5 of the Dungeon
  4432 | D:5      | Gained mutation: Your demonic aura often causes spilled
                  | blood to erupt in flames. [demonic ancestry]
  4432 | D:5      | Reached XP level 7. HP: 42/47 MP: 3/14
  4683 | D:5      | Reached skill level 5 in Spellcasting
  4911 | D:5      | Found a runed translucent door.
  4912 | D:5      | Noticed Crazy Yiuf
  5247 | D:5      | Killed Crazy Yiuf
  5473 | D:6      | Found a staircase to the Ecumenical Temple.
  5480 | Temple   | Entered the Ecumenical Temple
  5488 | Temple   | Became a worshipper of Vehumet
  5540 | D:6      | Gained mutation: You sometimes gain power by taking damage.
                  | [demonic ancestry]
  5540 | D:6      | Reached XP level 8. HP: 51/53 MP: 7/16
  6144 | D:6      | Gained mutation: You occasionally lose the ability to drink
                  | potions when taking damage. [potion of mutation]
  6144 | D:6      | Gained mutation: Your muscles are strong. (Str +4, Int/Dex
                  | -1) [potion of mutation]
  6178 | D:6      | Lost mutation: You occasionally lose the ability to drink
                  | potions when taking damage. [potion of mutation]
  6178 | D:6      | Lost mutation: Your muscles are strong. (Str +4, Int/Dex
                  | -1) [potion of mutation]
  6178 | D:6      | Gained mutation: You have very sharp teeth. [potion of
                  | mutation]
  6178 | D:6      | Gained mutation: You are strong-willed. (Will+) [potion of
                  | mutation]
  6178 | D:6      | Gained mutation: You have a pair of small antennae on your
                  | head. [potion of mutation]
  6619 | D:6      | Reached * piety under Vehumet
  6619 | D:6      | Offered knowledge of Sting by Vehumet.
  6757 | D:7      | Reached XP level 9. HP: 59/59 MP: 17/20
  7255 | D:7      | HP: 2/59 [steam dragon (6)]
  7255 | D:7      | Slain by a steam dragon

Illustrated notes

Levels and vault maps discovered:
D:1:      ebering_trefoil_twist, layout_basic,
          hellmonk_ecumenical_altar_pennies_from_heaven, minmay_ruptured
D:2:      layout_rooms, ebering_dispersal_statue_hall, minmay_small_reverse_x
D:3:      layout_basic, mainiacjoe_overflow_chevrons, serial_forest,
          infiniplex_forest_end_1, infiniplex_forest_lined_2,
          infiniplex_forest_join, infiniplex_forest_clump_small,
          infiniplex_forest_zigzag_1, infiniplex_forest_end_2,
          infiniplex_forest_zigzag_2
D:4:      layout_basic, uniq_blork_the_orc
D:5:      layout_rooms, uniq_crazy_yiuf_cottage
D:6:      layout_basic, minmay_temple_entry_crystal_x, serial_curves,
          eino_curves_01, eino_curves_02
D:7:      layout_loops_ring, minmay_stone_trees_small, minmay_increasing_density
Temple:   nicolae_temple_bog_church

Skill      XL: |  1  2  3  4  5  6  7  8  9 |
---------------+----------------------------+-----
Earth Magic    | 3 4 5 6 7 8 |  8.2
Stealth        | 2 3 |  3.3
Spellcasting   | 3 4 5 7 8 |  8.3
Dodging        | 2 |  2.8
Conjurations   | 2 |  2.1
Fighting       | |  0.6

Action                     |  1- 3 |  4- 6 |  7- 9 || total
---------------------------+-------+-------+-------++-------
  Melee: Unarmed           |     6 |    32 |       ||    38
         Punch             |       |     1 |       ||     1
         Touch             |       |     1 |       ||     1
         Dagger            |       |       |     1 ||     1
         Trident           |       |       |     1 ||     1
   Cast: Sandblast         |    59 |    87 |   110 ||   256
         Stone Arrow       |       |    12 |    27 ||    39
    Use: Potion            |       |       |     7 ||     7
 Armour: Robe              |    17 |    52 |    69 ||   138
  Dodge: Dodged            |    10 |    78 |    52 ||   140

Table legend: (Time is in decaauts)
 A = Elapsed time spent in this place.
 B = Non-inter-level travel time spent in this place.
 C = Inter-level travel time spent in this place.
 D = Time resting spent in this place.
 E = Time spent auto-exploring this place.
 F = Levels seen in this place.
 G = Mean time per level.
                   A        B        C        D        E       F      G
               +--------+--------+--------+--------+--------+-----+--------+
         Total |   7358 |   7109 |    249 |    634 |   5430 |   8 |  919.8 |
       Dungeon |   7342 |   7100 |    242 |    634 |   5430 |   7 | 1048.9 |
        Temple |     15 |      8 |      7 |      0 |      0 |   1 |   15.0 |
               +--------+--------+--------+--------+--------+-----+--------+

Top non-repeatable levels by time:
     D:3: 1842 daAuts
     D:6: 1189 daAuts
     D:5: 1126 daAuts
     D:1: 1071 daAuts
     D:4: 787 daAuts
     D:2: 738 daAuts
     D:7: 587 daAuts
  Temple: 15 daAuts
